Map: [TLMC15] Curious Minds

Players

MaxPax

  • Race: Protoss Protoss

DRG - Winner!

  • Race: Zerg Zerg

Event: StayAtHome Story Cup #4

VOD

Have the link to the VOD?

Description

Time

  • Played on: Oct. 23, 2021, 9:56 a.m.
  • Length: 15:17

All games in this series

Show
View Real Time Build Order
Export as new Build Order

MaxPax Protoss 

Build Orders: 1 Gate Expand, Mass Adepts 

Get SALT Encoding   

  12  0:00  Probe  
  13  0:12  Probe  
  14  0:19  Pylon  
  14  0:24  Probe  
  15  0:37  Probe (Chrono Boost)  
  15  0:41  Gateway  
  16  0:47  Probe (Chrono Boost)  
  16  0:49  Assimilator  
  17  0:52  Probe (Chrono Boost)  
  18  1:04  Probe  
  19  1:16  Probe  
  20  1:29  Cybernetics Core  
  20  1:38  Nexus, Probe  
  21  1:44  Pylon  
  21  1:51  Probe  
  21  1:53  Assimilator  
  22  2:03  Probe, Adept (Chrono Boost)  
  22  2:04  Warp Gate (Chrono Boost)  
  25  2:15  Probe  
  26  2:22  Gateway  
  26  2:24  Adept (Chrono Boost)  
  28  2:30  Probe  
  29  2:41  Gateway  
  29  2:42  Probe  
  30  2:52  Probe  
  30  2:54  Probe  
  30  2:55  Stalker  
  34  3:04  Probe  
  35  3:06  Probe  
  35  3:12  Pylon  
  36  3:16  Probe  
  36  3:18  Probe  
  38  3:20  Twilight Council  
  38  3:28  Probe  
  38  3:30  Probe  
  40  3:35  Robotics Facility  
  40  3:40  Probe  
  41  3:42  Probe  
  41  3:45  Adept x3  
  48  3:49  Resonating Glaives (Chrono Boost)  
  48  3:53  Probe  
  49  3:55  Probe  
  49  3:58  Pylon  
  49  4:01  Assimilator  
  50  4:04  Shield Battery  
  50  4:07  Adept  
  52  4:14  Adept  
  52  4:17  Pylon  
  56  4:19  Adept  
  56  4:20  Warp Prism (Chrono Boost)  
  58  4:25  Probe  
  58  4:27  Probe  
  58  4:30  Adept  
  60  4:49  Robotics Bay, Probe x2  
  60  4:50  Adept x3  
  68  4:56  Assimilator  
  68  5:00  Pylon  
  68  5:01  Observer  
  68  5:02  Probe  
  70  5:18  Probe x2  
  70  5:20  Adept x3  
  78  5:23  Pylon  
  78  5:38  Disruptor (Chrono Boost)  
  78  5:41  Probe x2  
  83  5:48  Nexus  
  83  5:50  Pylon  
  79  6:07  Adept  
  79  6:08  Adept x2  
  79  6:10  Disruptor  
  83  6:13  Probe  
  82  6:26  Probe  
  82  6:28  Gravitic Drive (Chrono Boost)  
  82  6:29  Probe  
  78  6:33  Nexus  
  78  6:36  Adept x3  
  78  6:38  Probe  
  81  6:41  Probe  
  81  6:42  Shield Battery  
  78  6:50  Probe  
  78  6:54  Probe  
  76  6:57  Stalker, Adept x2  
  76  6:58  Colossus (Chrono Boost)  
  76  7:01  Pylon  
  86  7:02  Probe  
  86  7:05  Shield Battery  
  83  7:16  Shield Battery  
  83  7:18  Adept x2  
  83  7:19  Probe  
  83  7:22  Forge  
  88  7:25  Sentry, Gateway  
  88  7:27  Gateway  
  88  7:28  Probe  
  91  7:31  Probe  
  91  7:33  Gateway  
  92  7:40  Probe  
  92  7:43  Probe  
  94  7:47  Colossus (Chrono Boost)  
  98  7:52  Probe x2  
  98  7:55  Probe  
  98  7:56  Protoss Ground Weapons Level 1 (Chrono Boost)  
  99  8:00  Blink (Chrono Boost)  
  99  8:04  Gateway, Probe  
  98  8:06  Gateway  
  96  8:15  Sentry, Stalker  
  96  8:16  Stalker  
  98  8:25  Extended Thermal Lance (Chrono Boost)  
  96  8:29  Photon Cannon  
  96  8:33  Pylon, Colossus (Chrono Boost)  
  102  8:34  Assimilator x2  
  102  8:36  Photon Cannon  
  102  8:40  Sentry  
  102  8:41  Stalker x2  
  108  8:46  Adept  
  110  8:50  Stalker x2  
  114  9:01  Stalker  
  115  9:05  Pylon  
  115  9:12  Observer (Chrono Boost)  
  115  9:13  Adept x2  
  115  9:16  Stalker x3  
  124  9:28  Adept  
  124  9:29  Pylon  
  124  9:30  Pylon  
  126  9:35  Stalker x3  
  126  9:37  Pylon  
  132  9:40  Observer (Chrono Boost)  
  133  9:56  Stalker x5  
  143  10:00  Stalker x3  
  145  10:19  Photon Cannon  
  142  10:22  Photon Cannon  
  142  10:25  Stalker x4  
  142  10:26  Stalker x2  
  125  11:06  Cybernetics Core  
  125  11:09  Photon Cannon  
  125  11:11  Pylon  
  123  11:27  Nexus  
  123  11:42  Photon Cannon  
  123  11:43  Adept x2  
  125  11:47  Stalker  
  125  11:48  Stalker x5  
  125  11:49  Shield Battery  
  131  12:00  Shield Battery  
  131  12:03  Photon Cannon  
  131  12:05  Pylon  
  131  12:07  Sentry x2  
  135  12:15  Templar Archives  
  135  12:21  Adept x2  
  139  12:30  Stalker  
  139  12:31  Stalker  
  134  12:56  Stalker x4  
  131  13:06  Stalker x2  
  129  13:16  Templar Archives  
  129  13:27  Stalker x4  
  133  13:51  Stalker  
  133  13:52  Stalker x4  
  143  14:02  Probe x2  
  145  14:04  Probe  
  129  14:18  Stalker x2  
  101  14:26  Stalker x2  
  101  14:27  Stalker  
  93  14:33  Adept x2  
  97  14:43  High Templar  
  97  14:44  High Templar  
  101  14:50  Archon  
  101  14:51  Adept  
  99  14:55  High Templar x2  
  99  14:59  Archon  
  103  15:00  Adept x2  
Show
View Real Time Build Order
Export as new Build Order

DRG Zerg - Winner!

Build Orders: Hatch First 

Get SALT Encoding   

  12  0:00  Drone  
  13  0:12  Overlord  
  13  0:17  Drone  
  14  0:30  Drone x2  
  14  0:34  Drone  
  17  0:51  Hatchery  
  17  0:54  Drone  
  17  0:57  Drone  
  18  1:09  Extractor  
  17  1:12  Spawning Pool  
  17  1:15  Drone  
  17  1:20  Drone  
  18  1:28  Drone  
  19  1:39  Drone  
  20  1:49  Overlord  
  20  1:58  Queen  
  22  2:02  Queen  
  22  2:03  Zergling x4  
  26  2:10  Drone  
  26  2:14  Metabolic Boost  
  27  2:16  Drone  
  27  2:21  Drone  
  29  2:25  Drone  
  30  2:33  Drone  
  30  2:35  Drone  
  32  2:43  Queen  
  34  2:47  Hatchery  
  34  2:49  Zergling x2  
  33  2:53  Overlord  
  33  2:55  Drone  
  33  2:56  Drone  
  34  3:05  Overlord  
  34  3:08  Drone  
  34  3:12  Drone x3  
  38  3:16  Queen  
  38  3:18  Drone  
  41  3:23  Drone  
  42  3:31  Drone x2, Extractor  
  42  3:32  Roach Warren  
  42  3:38  Drone  
  42  3:40  Drone  
  44  3:45  Drone x3  
  46  3:50  Zergling x2  
  46  3:51  Zergling x4  
  46  3:52  Overlord  
  49  3:56  Zergling x2  
  49  4:00  Zergling x2  
  51  4:05  Zergling x4  
  53  4:11  Overlord  
  53  4:14  Roach  
  53  4:16  Roach  
  53  4:17  Overlord x2, Roach  
  59  4:20  Zergling x2  
  59  4:24  Zergling x6  
  63  4:28  Zergling x4  
  63  4:30  Overlord  
  65  4:33  Zergling x2  
  65  4:35  Zergling x4  
  65  4:37  Ravager x2  
  71  4:38  Ravager  
  71  4:39  Zergling x2  
  72  4:48  Drone x5  
  77  4:53  Roach  
  77  4:54  Drone  
  77  4:57  Roach  
  77  4:59  Overlord  
  82  5:02  Lair  
  82  5:04  Zergling x2  
  83  5:09  Spore Crawler  
  83  5:11  Zergling x6  
  85  5:16  Ravager  
  85  5:18  Overlord  
  86  5:21  Zergling x8  
  90  5:34  Ravager  
  91  5:36  Drone  
  91  5:37  Drone x9  
  91  5:38  Extractor  
  91  5:39  Extractor  
  91  5:41  Drone x2  
  101  5:43  Drone  
  101  5:49  Drone  
  103  5:53  Drone  
  103  5:55  Drone x2  
  105  5:57  Drone x4  
  107  6:06  Drone x2  
  107  6:10  Zergling x6  
  109  6:15  Zergling x2  
  109  6:16  Queen x2  
  112  6:21  Glial Reconstitution  
  106  6:31  Drone  
  106  6:32  Drone x8  
  106  6:34  Queen  
  102  6:42  Drone x3  
  101  6:48  Drone  
  101  6:50  Extractor x2  
  101  6:51  Drone, Queen  
  101  6:52  Overlord  
  101  6:55  Roach x2  
  101  7:01  Roach x2  
  105  7:11  Roach x3  
  105  7:12  Roach x2  
  102  7:19  Roach x2  
  106  7:23  Drone x2  
  106  7:27  Drone, Spore Crawler  
  106  7:28  Zergling x4  
  110  7:30  Hatchery, Spore Crawler  
  110  7:33  Overlord x2  
  108  7:38  Roach x2  
  108  7:39  Overseer  
  108  7:41  Ravager  
  108  7:42  Overlord  
  108  7:44  Roach  
  115  7:47  Roach  
  117  7:53  Roach  
  117  7:54  Roach x5  
  129  8:01  Roach x4  
  125  8:13  Roach x5  
  125  8:18  Zergling x2  
  136  8:21  Roach x4  
  136  8:24  Spire  
  136  8:25  Zergling x2  
  136  8:26  Zergling x4  
  146  8:33  Overlord x3  
  146  8:39  Overlord  
  146  8:46  Drone x5  
  151  8:50  Overseer  
  151  8:58  Drone x2  
  151  9:01  Drone x5  
  152  9:06  Zergling x8  
  155  9:12  Extractor  
  155  9:14  Overseer, Overlord  
  155  9:15  Extractor  
  153  9:31  Spore Crawler  
  153  9:36  Mutalisk x7  
  153  9:37  Mutalisk x7  
  180  9:40  Zerg Flyer Weapons Level 1  
  180  9:41  Overlord, Evolution Chamber  
  180  9:45  Overlord  
  179  9:46  Mutalisk  
  179  9:52  Mutalisk  
  182  9:54  Zergling x4  
  181  10:04  Mutalisk x4  
  186  10:07  Zergling x10  
  186  10:12  Mutalisk  
  188  10:28  Hatchery  
  186  10:33  Overlord  
  186  10:34  Overlord  
  179  10:41  Mutalisk x4  
  171  10:46  Mutalisk  
  170  10:55  Mutalisk  
  144  11:06  Zergling x8  
  144  11:08  Zergling x10  
  153  11:16  Extractor  
  153  11:17  Extractor  
  151  11:18  Mutalisk x2  
  155  11:26  Hatchery  
  155  11:29  Zergling x2  
  155  11:35  Mutalisk x2  
  155  11:37  Zergling x2  
  159  11:49  Zerg Melee Weapons Level 1  
  159  11:52  Zerg Flyer Weapons Level 2  
  159  11:54  Zergling x2  
  159  11:55  Zergling x6  
  163  12:06  Mutalisk x2  
  163  12:08  Zergling x10  
  172  12:14  Zergling x8  
  176  12:23  Drone x4  
  176  12:29  Drone x2  
  184  12:30  Drone x2  
  176  12:50  Mutalisk x7  
  186  12:56  Zergling x10  
  187  13:07  Mutalisk x3  
  187  13:08  Zergling x2  
  187  13:09  Zergling x8  
  196  13:13  Mutalisk  
  196  13:15  Zergling x4  
  200  13:30  Overlord  
  200  13:31  Overseer  
  200  13:45  Mutalisk  
  200  14:08  Mutalisk  
  200  14:09  Mutalisk x4  
  177  14:19  Mutalisk  
  177  14:20  Mutalisk x7  
  179  14:25  Zergling x26  
  179  14:30  Mutalisk  
  180  14:32  Zergling x4  
  177  14:45  Mutalisk x3  
  179  14:48  Zergling x4  
  179  14:52  Zergling x4  
Tags
 
Add a new tag
Caveats
  • Supply blocks, unpowered buildings, or Contaminate may cause inaccurate times.
  • Supply counts are checked every 10 seconds.